 Dungeon Crawl Stone Soup version 0.28-b1-1-g3c77fb2ed1 (webtiles) character file.

Game seed: 9432692584234950299

87 Beepinex the Chopper (level 4, -7/40 HPs)
             Began as a Hill Orc Fighter on Jan 31, 2022.
             Mangled by Sigmund (10 damage)
             ... on level 2 of the Dungeon.
             The game lasted 00:05:34 (1907 turns).

Beepinex the Chopper (Hill Orc Fighter)             Turns: 1907, Time: 00:05:34

Health: -7/40      AC: 10    Str: 20    XL:     4   Next: 51%
Magic:  4/4        EV:  9    Int:  8    God:
Gold:   64         SH:  4    Dex: 10    Spells: 3/3 levels left

rFire   + . .      SeeInvis .   i - +1 hand axe (elec)
rCold   + . .      Faith    .   c - +0 buckler
rNeg    . . .      Spirit   .   b - +0 scale mail
rPois   +          Reflect  .   e - +0 helmet
rElec   +          Harm     .   k - +1 cloak
rCorr   +          Rampage  .   (no gloves)
Will    .....                   (no boots)
Stlth   ..........              (no amulet)
HPRegen 0.13/turn               (no ring)
MPRegen 0.09/turn               (no ring)

@: resistant
A: no striking features
a: no special abilities


You were on level 2 of the Dungeon.
You visited 1 branch of the dungeon, and saw 2 of its levels.

You collected 64 gold pieces.

Inventory:

Hand Weapons
 a - a +0 war axe
 i - a +1 hand axe of electrocution (weapon)
Armour
 b - a +0 scale mail (worn)
 c - a +0 buckler (worn)
 e - a +0 helmet (worn)
 k - a +1 cloak (worn)
Potions
 d - 3 potions of might


   Skills:
 + Level 4.1 Fighting
 + Level 4.3 Axes
 + Level 3.9 Armour
 + Level 0.3 Dodging
 + Level 3.8 Shields


You had 3 spell levels left.
You didn't know any spells.
Your spell library contained the following spells:

 Spells                   Type           Power      Damage    Failure   Level
 Beastly Appendage        Tmut           0%         N/A       85%         1
 Foxfire                  Conj/Fire      0%         2x1d4     85%         1
 Ignite Poison            Fire/Tmut/Pois 0%         N/A       99%         3
 Storm Form               Tmut/Air       0%         N/A       100%        7


Dungeon Overview and Level Annotations

Branches:
Dungeon (2/15)

Altars:

Annotations:
D:2 Sigmund


Message History

f - a potion of resistance Sigmund casts a spell.
Sigmund flickers and vanishes!
Deactivating autopickup; reactivate with Ctrl-A.
A puff of flame appears from out of thin air!
The puff of flame misses you.
You are confused.
You feel less confused.
It was a potion of heal wounds.
You feel much better.
You hear some strange, mumbled words.
A puff of flame appears from out of thin air!
The puff of flame hits you! Something hits you.
You miss something. You hit something. Something hits you but does no damage.
You closely miss something. Something hits you but does no damage.
You feel protected.
You hear some strange, mumbled words.
Something tries to affect you, but you resist.
You hit something but do no damage.
You hear some strange, mumbled words.
You are confused.
You barely miss something. Something hits you!
You hit something but do no damage. You closely miss something.
Something hits you.
* * * LOW HITPOINT WARNING * * *
You closely miss something. Something hits you.
* * * LOW HITPOINT WARNING * * *
You hit something but do no damage. Something hits you but does no damage.
You bump into the rock wall.
You feel less confused.
You hit something but do no damage. Something hits you but does no damage.
You hit something. Something hits you!
* * * LOW HITPOINT WARNING * * *
Okay, then.
You aren't carrying any scrolls.
You closely miss something.
Sigmund appears from thin air!
Reactivating autopickup.
Sigmund hits you with a +2 scythe of protection!
You die...

#.#.########.#.#######
#.#.##...# #.#>.......
#.#.##...# #.#..######
#.#.##...###.#..#
#.#.#........#..#
#.#.#....###.#..#
#<#g#........#..#
#g#.#....###.#..#
#.#.#@#.........#####
#.#.#@######....#...
#.#.#S###########.###.
#...#.................
#############.....###.
................
#######....#....
.......<..|...
.........{....


You could see Sigmund and an adder.

Vanquished Creatures
  Crazy Yiuf (D:2)
  An adder (D:2)
  An ufetubus (D:2)
  An orc (D:2)
  2 bats (D:1)
  6 endoplasms
  A giant cockroach (D:1)
  3 goblins (D:1)
  5 hobgoblins
  2 jackals (D:2)
  4 kobolds
  A quokka (D:2)
  6 ball pythons (D:1)
  2 frilled lizards (D:1)
  6 rats
42 creatures vanquished.

Notes
Turn   | Place    | Note
-------+----------+-------------------------------------------
     0 | D:1      | Beepinex the Hill Orc Fighter began the quest for the Orb.
     0 | D:1      | Reached XP level 1. HP: 19/19 MP: 1/1
     0 | D:1      | Found a faded altar of an unknown god.
   144 | D:1      | Reached XP level 2. HP: 23/27 MP: 2/2
   352 | D:1      | Got Voef's Collected Works on Mutagenic Fire
   406 | D:1      | Reached XP level 3. HP: 33/33 MP: 3/3
   961 | D:2      | Noticed Sigmund
  1302 | D:2      | Found a runed translucent door.
  1303 | D:2      | Noticed Crazy Yiuf
  1365 | D:2      | Killed Crazy Yiuf
  1366 | D:2      | Reached XP level 4. HP: 9/40 MP: 1/4
  1907 | D:2      | Mangled by Sigmund

Illustrated notes

Levels and vault maps discovered:
D:1:      minmay_arrival_semitransparent, layout_rooms,
          ebering_ecumenical_altar_mist
D:2:      layout_basic, serial_bayou_pond_d, uniq_sigmund,
          uniq_crazy_yiuf_cottage

Skill      XL: |  1  2  3 |
---------------+----------+-----
Axes           | 3 4 |  4.3
Fighting       | 4 |  4.1
Armour         | |  3.9
Dodging        | |  0.3
Shields        | |  3.8

Action                   |  1- 3 |  4- 6 || total
-------------------------+-------+-------++-------
Melee: War axe           |    82 |       ||    82
       Hand axe          |    22 |    23 ||    45
  Use: Scroll            |       |     2 ||     2
       Potion            |       |     2 ||     2
Armor: Scale mail        |    51 |    15 ||    66
Dodge: Dodged            |    53 |    13 ||    66
Block: Buckler           |    30 |     6 ||    36
